Map: Orbital Shipyard

Players

Sancho

  • Race: Protoss Protoss
  • League: Platinum

GammaGhost - Winner!

  • Race: Protoss Protoss
  • League: Gold

VOD

Have the link to the VOD?

Description

Time

  • Played on: Dec. 22, 2015, 11:16 p.m.
  • Length: 11:41
Show
View Real Time Build Order
Export as new Build Order

Sancho Protoss 

Build Orders:  

Get SALT Encoding   

  12  0:02  Probe (Chrono Boost)  
  13  0:14  Pylon  
  13  0:17  Probe (Chrono Boost)  
  14  0:30  Probe (Chrono Boost)  
  14  0:33  Gateway  
  15  0:40  Probe (Chrono Boost)  
  16  0:50  Gateway  
  16  0:56  Assimilator  
  16  0:58  Probe (Chrono Boost)  
  17  1:08  Probe (Chrono Boost)  
  17  1:10  Pylon  
  18  1:19  Probe (Chrono Boost)  
  18  1:22  Assimilator  
  19  1:27  Cybernetics Core  
  19  1:37  Zealot  
  19  1:39  Zealot  
  23  1:45  Probe (Chrono Boost)  
  24  1:55  Probe (Chrono Boost)  
  25  2:05  Adept (Chrono Boost)  
  25  2:06  Probe (Chrono Boost)  
  30  2:08  Adept (Chrono Boost)  
  30  2:17  Probe  
  31  2:26  Stargate  
  31  2:31  Pylon  
  31  2:49  Probe  
  32  2:59  Nexus  
  32  3:01  Mothership Core  
  34  3:07  Protoss Air Weapons Level 1 (Chrono Boost)  
  34  3:16  Adept (Chrono Boost)  
  38  3:21  Zealot (Chrono Boost)  
  34  4:25  Probe  
  34  4:28  Void Ray  
  37  4:33  Stargate  
  37  4:36  Probe  
  42  4:38  Zealot (Chrono Boost)  
  42  4:41  Zealot (Chrono Boost)  
  42  4:43  Pylon  
  42  4:47  Probe  
  42  4:50  Assimilator  
  42  4:52  Probe  
  44  4:55  Assimilator  
  44  4:57  Probe  
  45  5:01  Protoss Air Armor Level 1 (Chrono Boost)  
  45  5:04  Probe  
  46  5:08  Probe  
  46  5:11  Void Ray (Chrono Boost)  
  51  5:16  Probe  
  51  5:18  Probe  
  53  5:23  Void Ray (Chrono Boost)  
  57  5:29  Probe  
  57  5:31  Probe  
  59  5:39  Probe  
  60  5:44  Fleet Beacon  
  60  6:00  Pylon  
  60  6:11  Forge  
  60  6:13  Probe  
  60  6:15  Probe  
  62  6:22  Pylon  
  62  6:24  Void Ray (Chrono Boost)  
  72  6:40  Carrier (Chrono Boost)  
  72  6:47  Probe  
  72  6:48  Protoss Air Weapons Level 2 (Chrono Boost)  
  73  7:01  Tempest  
  77  7:21  Nexus  
  77  7:24  Pylon  
  77  7:30  Pylon  
  62  7:59  Tempest  
  66  8:10  Protoss Ground Weapons Level 1  
  60  8:24  Zealot  
  60  8:25  Zealot  
  52  8:51  Mothership Core  
  52  8:52  Zealot  
  50  9:08  Zealot  
  52  9:11  Pylon  
  50  9:18  Pylon  
  50  9:29  Zealot  
  52  9:32  Tempest x2  
  52  9:35  Zealot  
  62  9:40  Pylon  
  62  9:45  Pylon  
  62  9:46  Nexus  
  62  9:56  Twilight Council  
  52  10:41  Tempest x2  
Show
View Real Time Build Order
Export as new Build Order

GammaGhost Protoss - Winner!

Build Orders: 1 Gate Expand 

Get SALT Encoding   

  12  0:01  Probe (Chrono Boost)  
  13  0:12  Probe (Chrono Boost)  
  14  0:19  Pylon  
  14  0:23  Probe (Chrono Boost)  
  15  0:37  Probe (Chrono Boost)  
  15  0:41  Gateway  
  16  0:45  Assimilator  
  16  0:48  Probe (Chrono Boost)  
  17  1:00  Probe (Chrono Boost)  
  18  1:21  Nexus  
  18  1:30  Cybernetics Core  
  18  1:34  Probe (Chrono Boost)  
  19  1:49  Probe (Chrono Boost)  
  19  1:50  Assimilator  
  20  2:00  Probe (Chrono Boost)  
  21  2:07  Warp Gate  
  21  2:10  Probe (Chrono Boost)  
  21  2:11  Pylon  
  22  2:21  Probe (Chrono Boost)  
  23  2:29  Adept (Chrono Boost)  
  25  2:31  Pylon  
  25  2:34  Probe x2 (Chrono Boost)  
  27  2:45  Probe  
  28  2:53  Stargate  
  28  2:58  Mothership Core  
  30  3:06  Pylon  
  30  3:10  Probe, Pylon  
  31  3:16  Stalker (Chrono Boost)  
  31  3:19  Probe  
  34  3:20  Probe  
  28  4:12  Stalker  
  28  4:27  Probe  
  29  4:33  Void Ray (Chrono Boost)  
  29  4:38  Probe  
  34  4:47  Gateway, Nexus  
  34  4:48  Probe  
  34  4:49  Gateway  
  35  4:54  Gateway  
  35  5:00  Stalker  
  35  5:05  Probe  
  38  5:07  Probe  
  39  5:15  Probe  
  39  5:16  Void Ray (Chrono Boost)  
  39  5:19  Probe  
  45  5:26  Probe  
  46  5:32  Probe  
  47  5:36  Probe  
  48  5:43  Assimilator  
  48  5:44  Probe  
  49  5:50  Stalker  
  49  5:51  Stalker x2  
  55  5:57  Probe  
  55  5:58  Probe  
  55  6:00  Probe  
  58  6:08  Probe  
  58  6:10  Void Ray (Chrono Boost)  
  63  6:11  Pylon  
  63  6:12  Probe  
  63  6:13  Pylon  
  64  6:18  Probe  
  64  6:19  Stalker x2  
  64  6:20  Stalker x2  
  73  6:29  Probe  
  73  6:30  Probe  
  73  6:31  Probe  
  76  6:47  Stalker x3  
  82  7:02  Stalker  
  84  7:14  Pylon  
  84  7:18  Probe x2, Gateway  
  84  7:19  Probe  
  84  7:20  Gateway  
  84  7:22  Gateway  
  87  7:33  Pylon  
  81  7:48  Stalker  
  81  7:49  Stalker x3  
  77  8:15  Stalker x5  
  59  8:44  Stalker x4  
  59  8:46  Stalker  
  59  9:09  Zealot x4  
  63  9:25  Gateway  
  59  9:32  Stalker x2  
  59  9:33  Stalker x3  
  59  9:34  Stalker, Nexus  
  59  9:35  Stalker  
  59  9:38  Probe x2  
  73  9:39  Probe  
  76  9:49  Gateway  
  76  9:51  Probe  
  76  9:52  Gateway  
  77  9:59  Stalker  
  79  10:00  Stalker x3  
  79  10:01  Stalker  
  87  10:07  Assimilator  
  87  10:23  Stalker x3  
  87  10:24  Zealot  
  87  10:25  Zealot x4  
  91  10:45  Probe x3  
  91  10:46  Probe  
  89  10:55  Stalker x3  
  89  10:56  Stalker x2  
  87  11:17  Stalker  
  87  11:18  Stalker x2  
  89  11:21  Zealot x5  
Tags
 
Add a new tag
Caveats
  • Supply blocks, unpowered buildings, or Contaminate may cause inaccurate times.
  • Supply counts are checked every 10 seconds.